 Dungeon Crawl Stone Soup version 0.29.1-15-g9cfb28693d (webtiles) character file.

Game seed: 4941661857447849617

170 Alturiack the Magician (level 5, -3/24 HPs)
             Began as a Spriggan Venom Mage on Apr 11, 2023.
             Slain by a phantom (5 damage)
             ... on level 4 of the Dungeon.
             The game lasted 00:12:55 (4910 turns).

Alturiack the Magician (Spriggan Venom Mage)        Turns: 4910, Time: 00:12:55

Health: -3/24      AC:  2    Str:  4    XL:     5   Next: 26%
Magic:  0/13       EV: 17    Int: 25    God:
Gold:   133        SH:  0    Dex: 15    Spells: 8/14 levels left

rFire   . . .      SeeInvis +   (weapon restricted)
rCold   . . .      Faith    .   (no shield)
rNeg    . . .      Spirit   .   a - +0 robe
rPois   .          Reflect  .   (helmet restricted)
rElec   .          Harm     .   (no cloak)
rCorr   .          Rampage  .   (gloves unavailable)
Will    .....                   (boots unavailable)
Stlth   ++........              (no amulet)
HPRegen 0.08/turn               h - +6 ring of intelligence
MPRegen 0.13/turn               (no ring)

@: very quick
A: very small, no large weapons, unfitting armour, see invisible, speed 3
a: no special abilities


You were on level 4 of the Dungeon.
You visited 1 branch of the dungeon, and saw 4 of its levels.

You collected 133 gold pieces.

Inventory:

Armour
 a - a +0 robe (worn)
Jewellery
 h - a +6 ring of intelligence (left hand)
 l - a +6 ring of strength
Scrolls
 c - a scroll of poison {unknown}
 g - a scroll of enchant weapon {unknown}
 i - 2 scrolls of vulnerability {unknown}
 n - a scroll of identify {unknown}
Potions
 d - a potion of attraction {unknown}
 e - 3 potions of degeneration {unknown}
 f - a potion of ambrosia {unknown}
 j - a potion of lignification {unknown}
 k - a potion of resistance {unknown}
 m - a potion of mutation {unknown}
 o - 2 potions of cancellation {unknown}


   Skills:
 - Level 2.6 Dodging
 - Level 3.0 Stealth
 * Level 5.1 Spellcasting
 - Level 1.3 Transmutations
 * Level 4.7 Poison Magic


You had 8 spell levels left.
You knew the following spells:

 Your Spells              Type           Power      Damage    Failure   Level
a - Sting                 Tmut/Pois      84%        1d7       2%          1
b - Poisonous Vapours     Pois/Air       36%        N/A       4%          2
c - Ignite Poison         Fire/Tmut/Pois 16%        N/A       11%         3

Your spell library contained the following spells:

 Spells                   Type           Power      Damage    Failure   Level
 Olgreb's Toxic Radiance  Pois           30%        N/A       12%         4
 Mephitic Cloud           Conj/Pois/Air  14%        N/A       13%         3
 Conjure Flame            Conj/Fire      6%         6-21      24%         3
 Corpse Rot               Necr/Pois/Air  14%        N/A       38%         4
 Sticky Flame             Conj/Fire      6%         2d3       63%         4


Dungeon Overview and Level Annotations

Branches:
Dungeon (4/15)
 Temple: D:4-7

Altars:
Gozag


Innate Abilities, Weirdness & Mutations

You are very small and have problems with some larger weapons.
You are too small for most types of armour.
You have supernaturally acute eyesight. (SInv)
You cover ground extremely quickly. (Speed+++)


Message History

a +0 club; a scroll labelled GAOROLI NOACK; a +0 club
Casting: Sting (safe; 2% risk of failure)
Confirm with . or Enter, or press ? or * to list all spells.
Aiming: Sting (safe; 2% risk of failure)
Press: ? - help, Shift-Dir - straight line, f/p - phantom
Aim: a phantom (67% to hit)
The sting misses the phantom.
Casting: Sting (safe; 2% risk of failure)
Confirm with . or Enter, or press ? or * to list all spells.
You don't have enough magic to cast this spell.
Casting: Sting (safe; 2% risk of failure)
Confirm with . or Enter, or press ? or * to list all spells.
Aiming: Sting (safe; 2% risk of failure)
Press: ? - help, Shift-Dir - straight line, f/p - phantom
Aim: a phantom (67% to hit)
The sting hits the phantom.
The phantom partially resists.
The phantom is lightly damaged.
Casting: Sting (safe; 2% risk of failure)
Confirm with . or Enter, or press ? or * to list all spells.
You don't have enough magic to cast this spell.
Casting: Sting (safe; 2% risk of failure)
Confirm with . or Enter, or press ? or * to list all spells.
You don't have enough magic to cast this spell.
You miss the phantom.
The phantom is lightly damaged.
The phantom closely misses you.
You closely miss the phantom.
The phantom is lightly damaged.
The phantom completely misses you.
You barely miss the phantom.
The phantom is lightly damaged.
The phantom misses you.
You closely miss the phantom.
The phantom is lightly damaged.
The phantom hits you.
* * * LOW HITPOINT WARNING * * *
You barely miss the phantom.
The phantom is lightly damaged.
The phantom hits you.
You die...

####.<....##.....##
..........#.8...8.####
#........##.......#...
#.######......_.....#
.........##.......#
.........##.8...8.#
.........###.....##
.<.......#.###.###
.........#.....#@#
.........###.###W#
.......)......##?#
........####..##.#
#######.# #..##.#
####.##.# #..##.#
.....##.# #..##)#
####....####..##.#
#....'.....##.#


You could see a phantom.

Vanquished Creatures
  A hound (D:2)
  Robin (D:4)
  3 adders (D:3)
  3 worms
  2 dart slugs
  An orc (D:4)
  6 ball pythons
  6 bats
  9 endoplasms
  3 giant cockroaches
  12 goblins
  9 hobgoblins
  6 jackals (D:1)
  4 quokkas
  4 frilled lizards
  6 kobolds
  7 rats
83 creatures vanquished.

Notes
Turn   | Place    | Note
-------+----------+-------------------------------------------
     0 | D:1      | Alturiack the Spriggan Venom Mage began the quest for the
                  | Orb.
     0 | D:1      | Reached XP level 1. HP: 9/9 MP: 5/5
    84 | D:1      | Reached skill level 3 in Spellcasting
   216 | D:1      | Reached XP level 2. HP: 13/13 MP: 5/7
   788 | D:1      | Reached XP level 3. HP: 16/16 MP: 6/9
   921 | D:1      | Learned a level 2 spell: Poisonous Vapours
  1611 | D:2      | Reached skill level 4 in Spellcasting
  1611 | D:2      | Reached XP level 4. HP: 6/21 MP: 0/11
  2036 | D:2      | Learned a level 3 spell: Ignite Poison
  3806 | D:3      | Reached XP level 5. HP: 24/24 MP: 3/13
  4562 | D:4      | Reached skill level 5 in Spellcasting
  4626 | D:4      | Found an opulent altar of Gozag.
  4764 | D:4      | Noticed Robin
  4811 | D:4      | Killed Robin
  4880 | D:4      | Noticed a phantom
  4910 | D:4      | Slain by a phantom

Illustrated notes

Levels and vault maps discovered:
D:1:      mushboom_english_gardens, layout_loops_cross
D:2:      layout_loops_corners
D:3:      layout_basic
D:4:      layout_basic, grunt_gozag_statues, minmay_misc_feat_secret_circle,
          chequers_serial_rivers_large_a, uniq_robin

Skill      XL: |  1  2  3  4  5 |
---------------+----------------+-----
Spellcasting   | 3 4 5 |  5.1
Poison Magic   | 4 |  4.7
Dodging        | |  2.6
Stealth        | |  3.0
Transmutations | |  1.3

Action                   |  1- 3 |  4- 6 || total
-------------------------+-------+-------++-------
Melee: Unarmed           |     4 |    15 ||    19
 Cast: Sting             |    61 |    66 ||   127
       Poisonous Vapours |    12 |    66 ||    78
       Ignite Poison     |       |     2 ||     2
  Use: Potion            |       |     1 ||     1
Armor: Robe              |     1 |     6 ||     7
Dodge: Dodged            |    32 |    39 ||    71
